 Dungeon Crawl Stone Soup version 0.26-a0-651-gb41185065b (webtiles) character file.

Game seed: 7111368492221158355

511 Flugslaktarn the Chopper (level 6, 0/57 HPs)
             Began as a Deep Dwarf Fighter on Oct 27, 2020.
             Was a Believer of Uskayaw.
             Slain by an ogre
             ... wielding a +0 giant club
              (22 damage)
             ... on level 4 of the Dungeon.
             The game lasted 00:01:15 (1905 turns).

Flugslaktarn the Chopper (Deep Dwarf Fighter)       Turns: 1905, Time: 00:01:15

Health: 0/57       AC: 12    Str: 19    XL:     6   Next: 99%
Magic:  8/8        EV:  7    Int:  9    God:    Uskayaw [**....]
Gold:   251        SH: 10    Dex: 20    Spells: 5/5 levels left

rFire    . . .     SeeInvis .   a - +0 war axe
rCold    . . .     Faith    .   c - +0 kite shield
rNeg     . . .     Spirit   .   b - +0 scale mail
rPois    .         Reflect  .   x - +1 helmet
rElec    .         Harm     .   l - +1 cloak
rCorr    .         Rampage  .   (no gloves)
MR       .....                  t - +0 pair of boots
Stlth    ..........             (no amulet)
HPRegen  0.00/turn              w - +6 ring of dexterity
MPRegen  0.11/turn              (no ring)

@: non-regenerating
A: damage resistance, heal wounds, sense surroundings 1, no regeneration
a: Heal Wounds, Stomp, Line Pass, Renounce Religion


You were on level 4 of the Dungeon.
You worshipped Uskayaw.
Uskayaw was noncommittal.
You visited 1 branch of the dungeon, and saw 4 of its levels.

You collected 251 gold pieces.

Inventory:

Hand Weapons
 a - a +0 war axe (weapon)
Armour
 b - a +0 scale mail (worn)
 c - a +0 kite shield (worn)
 l - a +1 cloak (worn)
   (You took it off Crazy Yiuf on level 2 of the Dungeon)
 t - a +0 pair of boots (worn)
   (You found it on level 3 of the Dungeon)
 x - a +1 helmet (worn)
   (You found it on level 4 of the Dungeon)
Jewellery
 s - an uncursed amulet of reflection {unknown}
   (You found it on level 4 of the Dungeon)
 w - a +6 ring of dexterity (left hand)
   (You found it on level 4 of the Dungeon)
Scrolls
 e - 5 scrolls of identify {unknown}
 f - 4 scrolls of remove curse {unknown}
 h - 2 scrolls of magic mapping {unknown}
 i - a scroll of fog {unknown}
 n - 2 scrolls of immolation {unknown}
 q - a scroll of random uselessness {unknown}
 r - 2 scrolls of teleportation {unknown}
 u - a scroll of enchant weapon {unknown}
Potions
 d - a potion of might
 g - 3 potions of haste {unknown}
 j - a potion of stabbing {unknown}
 k - 2 potions of curing {unknown}
 m - a potion of resistance {unknown}
 o - a potion of berserk rage {unknown}
 p - a potion of heal wounds {unknown}
 v - a potion of mutation {unknown}


   Skills:
 + Level 3.9 Fighting
 * Level 5.2 Axes
 + Level 4.5 Armour
 + Level 4.6 Shields
 + Level 3.1 Invocations


You had 5 spell levels left.
You didn't know any spells.
Your spell library was empty.

Dungeon Overview and Level Annotations

Branches:
Dungeon (4/15)
 Temple: D:4-7

Altars:
Sif Muna
Uskayaw


Innate Abilities, Weirdness & Mutations

You are resistant to damage.
You can heal yourself by infusing magical energy.
You passively map a small area around you.
You do not regenerate.


Message History

You hit the ogre.
The ogre is heavily wounded.
You block the ogre's attack.
You hit the ogre.
The ogre is severely wounded.
The ogre hits you with a +0 giant club!
You can now pass through a line of other dancers.
You barely miss the ogre.
The ogre is severely wounded.
You block the ogre's attack.
You hit the ogre.
The ogre is severely wounded.
The ogre hits you with a +0 giant club.
You slash the ogre!
The ogre is almost dead.
You block the ogre's attack.
You closely miss the ogre.
The ogre is almost dead.
The ogre hits you with a +0 giant club!!
You die...

# , #. #.##.#. # **
.#.##....## #* ,
.........#. , *
(.........# * * * **
_[..........# , , ,
, 8............ #.#
* ._...........# #.#
#####...............
#.#.#
#..@O..?..........##
#.#.#
#.######.>##.#.#####
#.#.# #.# * , #.#.#
# #.#.# #.# , #.#.#
# #.#)# #.#* *#.#.#
# #.#.# #.# *
###.#.##### ##.#.##
#.# # .........##
#...#.## #.#*
#..###.#..[...
...###.# #.#
#.......<.....


You could see an ogre.

Vanquished Creatures
  Eustachio (D:4)
  A sky beast (D:4)
  An ogre (D:4)
  A hound (D:4)
  Crazy Yiuf (D:2)
  8 adders
  An ooze (D:3)
  A worm (D:2)
  An adder skeleton (D:4)
  A dart slug (D:3)
  2 leopard geckos
  6 orcs (D:4)
  A ball python (D:3)
  5 bats
  4 giant cockroaches
  6 goblins
  2 hobgoblins
  5 jackals
  A kobold (D:1)
  3 frilled lizards
  A jackal skeleton (D:4)
53 creatures vanquished.

Notes
Turn   | Place    | Note
-------+----------+-------------------------------------------
     0 | D:1      | Flugslaktarn the Deep Dwarf Fighter began the quest for the
                  | Orb.
     0 | D:1      | Reached XP level 1. HP: 20/20 MP: 1/1
   161 | D:1      | Reached XP level 2. HP: 25/27 MP: 2/2
   279 | D:2      | Reached skill level 3 in Axes
   316 | D:2      | Found a hide-covered altar of Uskayaw.
   323 | D:2      | Reached XP level 3. HP: 26/33 MP: 3/3
   335 | D:2      | Became a worshipper of Uskayaw the Reveler
   346 | D:2      | Reached * piety under Uskayaw
   350 | D:2      | Reached ** piety under Uskayaw
   605 | D:2      | Found a runed translucent door.
   606 | D:2      | Noticed Crazy Yiuf
   735 | D:2      | Killed Crazy Yiuf
   735 | D:2      | Reached skill level 1 in Invocations
   735 | D:2      | Reached XP level 4. HP: 21/42 MP: 4/4
  1370 | D:3      | Reached XP level 5. HP: 45/49 MP: 6/6
  1505 | D:4      | Noticed a sky beast
  1506 | D:4      | Reached skill level 4 in Axes
  1538 | D:4      | Killed a sky beast
  1563 | D:4      | Noticed Eustachio
  1597 | D:4      | Killed Eustachio
  1597 | D:4      | Reached XP level 6. HP: 25/57 MP: 7/7
  1755 | D:4      | Reached skill level 5 in Axes
  1894 | D:4      | Found a shimmering blue altar of Sif Muna.
  1905 | D:4      | Slain by an ogre

Illustrated notes

Levels and vault maps discovered:
D:1:      roderic_dead_forest, layout_basic, chequers_jeans
D:2:      layout_rooms, eat_drink_and_be_merry_uskayaw, uniq_crazy_yiuf_cottage
D:3:      layout_basic
D:4:      layout_loops_ring, chequers_temple_overflow_statue_of_worship,
          uniq_eustachio

Skill      XL: |  1  2  3  4  5  6 |
---------------+-------------------+-----
Axes           | 3 4 5 |  5.2
Fighting       | 3 |  3.9
Invocations    | 1 2 3 |  3.1
Shields        | 4 |  4.6
Armour         | 4 |  4.5

Action                   |  1- 3 |  4- 6 || total
-------------------------+-------+-------++-------
Melee: War axe           |    65 |   155 ||   220
 Abil: Heal Wounds       |       |     3 ||     3
Armor: Scale mail        |    37 |    75 ||   112
Dodge: Dodged            |    20 |    32 ||    52
Block: Kite shield       |    35 |    82 ||   117

Table legend: (Time is in decaauts)
 A = Elapsed time spent in this place.
 B = Non-inter-level travel time spent in this place.
 C = Inter-level travel time spent in this place.
 D = Time resting spent in this place.
 E = Time spent auto-exploring this place.
 F = Levels seen in this place.
 G = Mean time per level.
                   A        B        C        D        E       F      G
               +--------+--------+--------+--------+--------+-----+--------+
         Total |   1988 |   1859 |    129 |      0 |   1339 |   4 |  497.0 |
       Dungeon |   1988 |   1859 |    129 |      0 |   1339 |   4 |  497.0 |
               +--------+--------+--------+--------+--------+-----+--------+

Top non-repeatable levels by time:
     D:3: 743 daAuts
     D:2: 520 daAuts
     D:4: 438 daAuts
     D:1: 285 daAuts
